 Dungeon Crawl Stone Soup version 0.29.1-1-gd02db6906a (console) character file.

Game seed: 10476411405172599354

56 shmup the Ruffian (level 3, -12/28 HPs)
             Began as a Draconian Transmuter on Sept 16, 2022.
             Mangled by an iguana (13 damage)
             ... on level 3 of the Dungeon.
             The game lasted 00:04:57 (2658 turns).

shmup the Ruffian (Draconian Transmuter)            Turns: 2658, Time: 00:04:58

Health: -12/28     AC:  5    Str: 12    XL:     3   Next: 69%
Magic:  5/6        EV: 12    Int: 15    God:
Gold:   115        SH:  0    Dex: 11    Spells: 3/6 levels left

rFire   . . .      SeeInvis .     - Unarmed
rCold   + . .      Faith    .   (no shield)
rNeg    . . .      Spirit   .   (body armour unavailable)
rPois   .          Reflect  .   (helmet currently unavailable)
rElec   .          Harm     .   (no cloak)
rCorr   .          Rampage  .   (no gloves)
Will    .....                   (boots currently unavailable)
Stlth   +.........              (no amulet)
HPRegen 0.09/turn               q - ring of protection from cold
MPRegen 0.10/turn               (no ring)

@: appendages
A: horns 2, talons 2, AC +5, unfitting armour, cold-blooded
a: End Transformation


You were on level 3 of the Dungeon.
You had temporarily grown beastly horns and talons.
You visited 1 branch of the dungeon, and saw 3 of its levels.

You collected 115 gold pieces.

Inventory:

Hand Weapons
 r - a +1 short sword of venom
 t - a +0 sling
Missiles
 e - 36 stones (quivered)
 k - 6 javelins
Armour
 b - a +0 pair of boots (melded)
Jewellery
 q - a ring of protection from cold (left hand)
Scrolls
 c - a scroll of enchant weapon {unknown}
 f - a scroll of vulnerability {unknown}
 g - a scroll of brand weapon {unknown}
 h - a scroll of noise {unknown}
 i - a scroll of poison {unknown}
 l - a scroll of amnesia {unknown}
 m - a scroll of enchant armour {unknown}
 n - 2 scrolls of identify {unknown}
 p - a scroll of immolation {unknown}
 s - a scroll of magic mapping {unknown}
Potions
 a - a potion of lignification
 d - a potion of curing {unknown}
 j - a potion of haste {unknown}
 o - 2 potions of heal wounds {unknown}


   Skills:
 - Level 1.1 Fighting
 - Level 1.7 Dodging
 + Level 4.6 Unarmed Combat
 - Level 2.0 Spellcasting
 + Level 2.1 Transmutations


You had 3 spell levels left.
You knew the following spells:

 Your Spells              Type           Power      Damage    Failure   Level
a - Beastly Appendage     Tmut           14%        N/A       10%         1
b - Wereblood             Tmut           7%         N/A       14%         2

Your spell library contained the following spells:

 Spells                   Type           Power      Damage    Failure   Level
 Sublimation of Blood     Necr           1%         N/A       32%         2
 Spider Form              Tmut/Pois      4%         N/A       41%         3
 Ice Form                 Ice/Tmut       4%         N/A       82%         4
 Petrify                  Tmut/Erth      4%         N/A       82%         4
 Irradiate                Conj/Tmut      2%         3d12      99%         5


Dungeon Overview and Level Annotations

Branches:
Dungeon (3/15)

Altars:


Innate Abilities, Weirdness & Mutations

You have temporarily grown beastly horns and talons.
Your plain brown scales are hard. (AC +5)
You cannot fit into any form of body armour.
You are cold-blooded and may be slowed by cold attacks.


Message History

The iguana is severely wounded.
The iguana bites you.
You hit the iguana but do no damage. You tail-slap the iguana.
The iguana is almost dead.
The iguana barely misses you.
You hit the iguana but do no damage.
The iguana is almost dead.
The iguana barely misses you.
You hit the iguana but do no damage.
The iguana is almost dead.
The iguana closely misses you.
You hit the iguana but do no damage.
The iguana is almost dead.
The iguana completely misses you.
You hit the iguana but do no damage.
The iguana is almost dead.
The iguana closely misses you.
You closely miss the iguana.
The iguana is almost dead.
The iguana bites you.
You hit the iguana but do no damage.
The iguana is almost dead.
The iguana bites you!
* * * LOW HITPOINT WARNING * * *
You barely miss the iguana.
The iguana is almost dead.
The iguana bites you.
* * * LOW HITPOINT WARNING * * *
Casting: Beastly Appendage (safe; 10% risk of failure)
Confirm with . or Enter, or press ? or * to list all spells.
You grow a pair of large bovine horns.
Your feet morph into talons.
Your +0 pair of boots melds into your body.
The iguana bites you.
* * * LOW HITPOINT WARNING * * *
You completely miss the iguana.
The iguana is almost dead.
You closely miss the iguana.
The iguana is almost dead.
The iguana bites you!
You die...

▒▒▒▒▒▒▒▒▒▒ .........▒▒▒▒
.▒▒▒▒▒▒▒....▒▒ .▒
▒▒▒.......▒ .▒
▒...▒▒▒▒▒.▒▒▒▒▒▒▒▒▒▒ .▒
▒.▒.▒ ▒.▒▒.......▒ .▒
▒.▒.▒ ▒....dl..▒
.▒▒▒.▒.▒ ▒....▒......<
......)▒▒▒▒▒▒▒+▒▒▒+▒▒▒+▒
▒▒▒▒.▒.....▒..▒
▒.▒▒▒▒.▒▒..▒ ▒.▒ ▒..'..+
▒.▒ ▒▒▒▒..▒ ..▒ ▒▒▒..▒
▒▒▒ ▒▒.'▒▒+ ▒▒..▒..▒
▒...▒..▒


You could see an iguana.

Vanquished Creatures
  2 worms (D:2)
  4 bats
  3 endoplasms
  2 giant cockroaches
  5 goblins
  4 hobgoblins
  4 jackals (D:1)
  7 kobolds
  4 quokkas
  6 ball pythons
  2 rats
43 creatures vanquished.

Notes
Turn   | Place    | Note
-------+----------+-------------------------------------------
     0 | D:1      | shmup the Draconian Transmuter began the quest for the Orb.
     0 | D:1      | Reached XP level 1. HP: 16/16 MP: 3/3
   420 | D:1      | Reached XP level 2. HP: 21/23 MP: 5/5
   683 | D:1      | Found a faded altar of an unknown god.
   760 | D:1      | Reached skill level 4 in Unarmed Combat
  1446 | D:2      | Reached XP level 3. HP: 28/28 MP: 4/6
  1450 | D:2      | Learned a level 2 spell: Wereblood
  2656 | D:3      | HP: 1/28 [iguana (5)]
  2658 | D:3      | Mangled by an iguana

Illustrated notes

Levels and vault maps discovered:
D:1:      onia_arrival_pentagram, layout_basic,
          hellmonk_ecumenical_altar_heavens_door
D:2:      layout_loops_ring
D:3:      layout_loops_corners, mainiacjoe_overflow_24_doors

Skill      XL: |  1  2 |
---------------+-------+-----
Unarmed Combat | 4 |  4.6
Fighting       | |  1.1
Dodging        | |  1.7
Spellcasting   | |  2.0
Transmutations | |  2.1

Action                   || total
-------------------------++-------
Melee: Unarmed           ||   126
       Headbutt          ||     4
       Kick              ||     8
       Tailslap          ||    13
       Punch             ||     2
 Cast: Beastly Appendage ||    11
 Stab: Sleeping          ||     2
Armor: Skin              ||    39
Dodge: Dodged            ||    88
